 Dungeon Crawl Stone Soup version 0.21.1-1-g345015f (console) character file.

101 bli the Shield-Bearer (level 4, 0/29 HPs)
             Began as a Gargoyle Fighter on July 28, 2018.
             Slain by a gnoll
             ... wielding a +0 halberd
              (6 damage)
             ... on level 3 of the Dungeon.
             The game lasted 00:11:06 (2272 turns).

bli the Shield-Bearer (Gargoyle Fighter)            Turns: 2272, Time: 00:11:06

Health: 0/29       AC:  6    Str: 19    XL:     4   Next: 75%
Magic:  4/4        EV:  9    Int:  9    God:
Gold:   110        SH:  9    Dex: 10    Spells: 3/3 levels left

rFire    . . .     SeeInvis .   a - +0 flail
rCold    . . .     Gourm    .   c - +0 shield
rNeg     + + .     Faith    .   n - -2 leather armour (curse)
rPois    ∞         Spirit   .   g - +0 helmet
rElec    +         Reflect  .   (no cloak)
rCorr    .         Harm     .   (no gloves)
MR       .....                  (no boots)
Stlth    +.........             (no amulet)
HPRegen  0.09/turn              r - ring of positive energy
MPRegen  0.09/turn              (no ring)

@: no status effects
A: negative energy resistance 1, electricity resistance, unbreathing,
petrification resistance, rot immunity, AC +3
a: no special abilities


You were on level 3 of the Dungeon.
You were hungry.

You visited 1 branch of the dungeon, and saw 3 of its levels.

You collected 110 gold pieces.

Inventory:

Hand Weapons
 a - a +0 flail (weapon)
 o - a +0 hunting sling
Missiles
 e - 120 stones (quivered)
Armour
 b - a +0 scale mail
 c - a +0 shield (worn)
 g - a +0 helmet (worn)
 n - a cursed -2 leather armour (worn)
 p - a +0 chain mail
Jewellery
 r - a ring of positive energy (left hand)
Scrolls
 h - 2 scrolls of teleportation {unknown}
 i - 2 scrolls of identify
 m - 2 scrolls of remove curse {unknown}
 q - a scroll of enchant weapon {unknown}
 t - a scroll of fear {unknown}
Potions
 d - a potion of might
 j - a potion of lignification {unknown}
 k - a potion of brilliance {unknown}
 l - a potion of haste {unknown}
 s - a potion of ambrosia
 u - a potion of magic {unknown}
Comestibles
 f - 6 rations


   Skills:
 * Level 4.0 Fighting
 + Level 3.0 Maces & Flails
 + Level 3.6 Armour
 + Level 0.5 Dodging
 + Level 4.2 Shields


You had 3 spell levels left.
You didn't know any spells.

Dungeon Overview and Level Annotations

Branches:
Dungeon (3/15)

Altars:


Innate Abilities, Weirdness & Mutations

You are resistant to torment.
Your stone body is resilient. (AC +3)
You are immune to poison.
You resist negative energy. (rN+)
You are resistant to electric shocks. (rElec)
You can survive without breathing.
You are immune to petrification.
You are immune to rotting.


Message History

You sock the gnoll!
You kill the gnoll!
Your Fighting skill increases to level 4!
The gnoll barely misses you.
You sock the gnoll!
The gnoll is heavily wounded.
You block the gnoll's attack. The gnoll hits you with a club.
You barely miss the gnoll.
The gnoll is heavily wounded.
You block the gnoll's attack. The gnoll closely misses you.
You hit the gnoll.
The gnoll is severely wounded.
You block the gnoll's attack. The gnoll hits you but does no damage.
The gnoll hits you from afar with a halberd!
* * * LOW HITPOINT WARNING * * *
You barely miss the gnoll.
The gnoll is severely wounded.
You block the gnoll's attack.
The gnoll hits you from afar with a halberd.
You die...

#........# #.#..#g#.#.#
#.#..%.....## ##
#.#..#....... ..#
#.#..#....... ...
#.#..#....... ...
#.#..#.......
###.#####.#..#.......
.....#....g.g....#
#.#.##..#g#####.#
#.###.......#.@.....# .##
........###.######### ...
#.###.....######...# #.#
#.......#......### #.# ####
#.#.###.#.#####..# #.# #...
# #.....#......### #.# #.##
####..######.###########.#
#.####.....###.............#
###
#.............#..###########
#.########.......##..# #.#
..'......'.......+...# #.#


You could see 2 gnolls.

Vanquished Creatures
  A gnoll (D:3)
  3 adders
  An ooze (D:1)
  A worm (D:1)
  2 dart slugs (D:1)
  A leopard gecko (D:2)
  3 orcs
  7 bats
  10 goblins
  6 hobgoblins
  2 kobolds (D:2)
  6 frilled lizards
  6 rats
49 creatures vanquished.

Notes
Turn   | Place    | Note
-------+----------+-------------------------------------------
     0 | D:1      | bli the Gargoyle Fighter began the quest for the Orb.
     0 | D:1      | Reached XP level 1. HP: 14/14 MP: 1/1
     0 | D:1      | Noticed a ghoul
     3 | D:1      | Noticed a ghoul
     4 | D:1      | Noticed a troll
     7 | D:1      | Noticed a vine stalker
     8 | D:1      | Noticed a naga
     9 | D:1      | Noticed a minotaur
    11 | D:1      | Noticed an octopode
    13 | D:1      | Noticed an octopode
    14 | D:1      | Noticed a vine stalker
    15 | D:1      | Noticed an octopode
    17 | D:1      | Noticed a dwarf
    17 | D:1      | Noticed a gargoyle
    19 | D:1      | Noticed an elf
    21 | D:1      | Noticed an elf
   269 | D:1      | Reached XP level 2. HP: 19/19 MP: 2/2
   642 | D:1      | Reached XP level 3. HP: 24/24 MP: 3/3
  1073 | D:2      | Reached XP level 4. HP: 14/29 MP: 4/4
  2272 | D:3      | Slain by a gnoll

Skill      XL: |  1  2  3  4 |
---------------+-------------+-----
Shields        | 4 |  4.2
Maces & Flails | 3 |  3.0
Fighting       | 4 |  4.0
Armour         | |  3.6
Dodging        | |  0.5

Action                   |  1- 3 |  4- 6 || total
-------------------------+-------+-------++-------
Melee: Flail             |   126 |    86 ||   212
  Use: Scroll            |     2 |     1 ||     3
  Eat: Chunk             |     1 |     3 ||     4
Armor: Scale mail        |    15 |       ||    15
       Leather armour    |    64 |    24 ||    88
Dodge: Dodged            |    49 |    34 ||    83
Block: Shield            |    89 |    59 ||   148
